Description

d

Build Order

Get SALT Encoding   

  14  0:14  Extractor  
  14  0:15  Action  cancel extractor
  15  0:40  Hatchery  
  14  0:45  Extractor  
  14  1:00  Spawning Pool  
  14  1:10  Overlord  
  15  1:11  Action  @100gas drones->natural; @100%pool Nat Queen + Metabolic Boost; 24x lings hide
  20  2:23  Action  send out 4 lings to look like normal hatch first
  27  2:30  Overlord  
Spawning Tool Build Advisor. Get it on Overwolf

Analysis

d

Go to:

Details

  • Created by: ftuttle4
  • Published on: Apr 04, 2019
  • Modified on: Apr 04, 2019
  • Patch: 4.7.1
Show
View Real Time Build Order
Export as new Build Order

Comments (0)

There are no comments. Be the first!

Create an account to comment!